AoeStats
← F I S H

Four Lakes

510135705Analyzed
1v1 RM · 4d ago on Sep 29, 2026· 49m 3s· 2 players
Game mode
Random Map
Map size
Tiny (2 player)
Population
200
Speed
Normal
Resources
Standard
Victory
Conquest
Starting age
Dark Age
Ending age
Imperial Age
RankedLock teamsTeams togetherTeam positionsShared explorationLock speedFull tech treeHidden civsTurbo modeCheats
Victory
Defeat
🇩🇪 Persians · Germany
1652
+16
🇮🇹 Magyars · Italy
1661
-16
Maegor2508
4:08 Loom
10:49 Feudal Age
11:17 Double-Bit Axe
12:01 Horse Collar
20:38 Castle Age
18:59 Gold Mining
20:36 Wheelbarrow
19:47 Town Watch
21:38 Husbandry
22:05 Forging
22:01 Scale Barding Armor
22:10 Bow Saw
22:08 Heavy Plow
22:43 Medium Warships
25:18 Bloodlines
27:03 Gold Shaft Mining
26:20 Stone Mining
26:46 Fletching
27:42 Hand Cart
28:18 Parthian Tactics
29:59 Bodkin Arrow
30:09 Padded Archer Armor
31:54 Thumb Ring
33:06 Scale Barding Armor
33:36 Iron Casting
34:06 Ballistics
33:57 Masonry
37:23 Imperial Age
37:43 Chain Barding Armor
37:11 Heavy Camel Rider
39:02 Chemistry
39:28 Blast Furnace
39:04 Plate Barding Armor
38:52 Heavy Cavalry Archer
41:33 Two-Man Saw
41:47 Crop Rotation
42:09 Gold Shaft Mining
42:15 Conscription
41:58 Kamandaran
41:52 Cavalier
43:15 Pikeman
43:56 Squires
43:40 Savar
45:23 Architecture
44:49 Murder Holes
45:20 Light Cavalry
48:12 Hussar
F I S H
6:30 Loom
10:25 Feudal Age
10:56 Double-Bit Axe
11:20 Double-Bit Axe
16:54 Scale Barding Armor
18:30 Fishing Lines
21:56 Castle Age
21:13 Bloodlines
21:32 Scale Mail Armor
21:59 Pikeman
22:55 Chain Mail Armor
23:00 Chain Barding Armor
22:56 Bow Saw
22:56 Gillnets
26:32 Chain Barding Armor
26:48 Gold Mining
27:02 Husbandry
28:44 Town Watch
29:34 Wheelbarrow
29:48 Gold Shaft Mining
29:05 Stone Mining
33:24 Imperial Age
33:06 Fletching
33:44 Hand Cart
33:26 Cavalier
34:41 Plate Barding Armor
37:28 Fletching
38:13 Bodkin Arrow
38:18 Padded Archer Armor
38:23 Elite Skirmisher
39:09 Thumb Ring
39:05 Bracer
39:28 Ballistics
40:09 Chemistry
40:50 Leather Archer Armor
41:30 Masonry
41:05 Paladin
42:32 Conscription
43:44 Arson
44:37 Horse Collar
46:38 Ring Archer Armor
48:08 Halberdier
Connection lost

Rejoining the realm…

Still unreachable

The connection could not be restored.

Session expired

The server has moved on; the page needs a fresh start.